 Dungeon Crawl Stone Soup version 0.19-a0-45-g2c295ea (webtiles) character file.

7048 Kenran the Cleaver (level 11, -12/106 (107) HPs)
             Began as a Hill Orc Fighter on May 5, 2016.
             Was a Believer of the Shining One.
             Mangled by Maud
             ... wielding a +4 eveningstar
              (24 damage)
             ... on level 1 of the Orcish Mines.
             The game lasted 00:30:15 (11636 turns).

Kenran the Cleaver (Hill Orc Fighter)              Turns: 11636, Time: 00:30:15

HP:   -12/106 (107) AC: 21    Str: 23    XL:     11   Next: 9%
MP:   11/11         EV:  2    Int: 20    God:    the Shining One [**....]
Gold: 607           SH:  0    Dex: 10    Spells: 0 memorised, 10 levels left

rFire  + . .     SeeInvis .     M - +0 battleaxe
rCold  . . .     Gourm    +     I - +0 plate armour
rNeg   + . .     Faith    .     (shield currently unavailable)
rPois  .         Spirit   .     L - +1 helmet of Death's Door {Int+9}
rElec  .         Dismiss  .     o - +0 cloak
rCorr  .         Reflect  .     Q - +0 pair of gloves
SustAt .         Harm     .     t - +2 pair of boots
MR     .....                    E - amulet of the gourmand
Stlth  ..........               l - ring of protection from fire
                                k - +3 ring of intelligence

@: glowing, not resistant to hostile enchantments, extremely unstealthy
A: no striking features
a: Divine Shield, Renounce Religion


You were on level 1 of the Orcish Mines.
You worshipped the Shining One.
The Shining One was pleased with you.
You were not hungry.

You visited 3 branches of the dungeon, and saw 12 of its levels.
You also visited: Sewer.

You collected 607 gold pieces.

Inventory:

Hand Weapons
 c - a +1 mace of protection
 M - a +0 battleaxe (weapon)
Armour
 o - a +0 cloak (worn)
 t - a +2 pair of boots (worn)
 I - a +0 plate armour (worn)
 L - the +1 helmet of Death's Door (worn) {Int+9}
   (You found it on level 10 of the Dungeon)

   It affects your intelligence (+9).
 Q - a +0 pair of gloves (worn)
Jewellery
 k - a +3 ring of intelligence (left hand)
 l - a ring of protection from fire (right hand)
 m - an uncursed ring of flight {unknown}
 E - an amulet of the gourmand (around neck)
 G - a cursed ring of protection from magic {unknown}
 O - an uncursed amulet of guardian spirit {unknown}
Wands
 P - a wand of flame (42/48)
Scrolls
 a - a scroll of immolation {unknown}
 b - a scroll of vulnerability {unknown}
 e - 3 scrolls of remove curse
 r - a scroll of magic mapping
 s - 5 scrolls of identify
 x - a scroll of enchant armour
 y - 4 scrolls of blinking
 C - 2 scrolls of teleportation
 D - 2 scrolls of amnesia
 J - a scroll of acquirement {unknown}
Potions
 d - 3 potions of might
 g - a potion of heal wounds {unknown}
 h - 3 potions of flight {unknown}
 i - a potion of degeneration {unknown}
 j - 3 potions of brilliance {unknown}
 n - 3 potions of curing {unknown}
 p - 4 potions of agility
 q - a potion of invisibility {unknown}
 v - a potion of lignification {unknown}
 w - a potion of magic {unknown}
 z - 2 potions of mutation {unknown}
 A - a potion of berserk rage {unknown}
 N - a potion of beneficial mutation {unknown}
Books
 u - a book of Dreams

   Spells                             Type                      Level
   a - Ensorcelled Hibernation        Hexes/Ice                    2
   b - Silence                        Hexes/Air                    5
   c - Darkness                       Hexes                        6
   d - Shadow Creatures               Summoning                    6
 F - Sif Muna's Volume of Icy Dark Rites
   (You found it on level 8 of the Dungeon)

   Spells                             Type                      Level
   a - Vampiric Draining              Necromancy                   3
   b - Ice Form                       Ice/Transmutation            4
   c - Excruciating Wounds            Charms/Necromancy            5
   d - Bolt of Cold                   Conjuration/Ice              6
 K - a book of Battle

   Spells                             Type                      Level
   a - Infusion                       Charms                       1
   b - Shroud of Golubria             Charms/Translocation         2
   c - Song of Slaying                Charms                       2
   d - Spectral Weapon                Hexes/Charms                 3
   e - Regeneration                   Charms/Necromancy            3
 R - a book of Minor Magic

   Spells                             Type                      Level
   a - Magic Dart                     Conjuration                  1
   b - Blink                          Translocation                2
   c - Call Imp                       Summoning                    2
   d - Repel Missiles                 Charms/Air                   2
   e - Slow                           Hexes                        2
   f - Conjure Flame                  Conjuration/Fire             3
   g - Mephitic Cloud                 Conjuration/Poison/Air       3
Comestibles
 f - 6 bread rations
 B - 4 meat rations
 H - a beef jerky


   Skills:
 - Level 13.1 Fighting
 - Level 14.2 Axes
 + Level 7.0 Armour
   Level 3.2 Shields


You had 10 spell levels left.
You didn't know any spells.

Dungeon Overview and Level Annotations

Branches:
Dungeon (10/15)            Temple (1/1) D:4            Lair (0/8) D:8
    Orc (1/2) D:10

Altars:
Dithmenos
Elyvilon
Fedhas
Kikubaaqudgha
Makhleb
Okawaru
Pakellas
Sif Muna
The Shining One
Beogh

Annotations:
Orc:1 Maud


Message History

The orc knight roars a battlecry!
The orc warriors go into a battle-frenzy!
Your plate armour prevents you from hitting Maud.
Maud is severely wounded.
Maud hits you with an enchanted eveningstar!!
You hit Maud.
Maud is severely wounded.
You slash Maud!
Maud is severely wounded.
Maud hits you but does no damage.
You hit Maud.
Maud is severely wounded.
Maud hits you with an enchanted eveningstar!!
* * * LOW HITPOINT WARNING * * *
The orc warrior no longer looks unusually strong.
The orc knight roars a battlecry!
The orc warrior goes into a battle-frenzy!
There is a staircase back to the Dungeon here.
Maud hits you with an enchanted eveningstar!!
You die...

... ...#
....#####
......#.####
##...
.........#.##
#....
..........# ....
##......#.## ...
##..@@......#
#..
#..o.......##
#.. #........###
#)####.o.......#
#o..o.....##...#
##.......## #.##
##.....## ##
#........#
###........#


You could see Maud, an orc knight and 2 orc warriors.

Vanquished Creatures
  The ghost of Fv001 the Protected, a novice GrFi of Cheibriados (D:8)
  A two-headed ogre (D:10)
  6 yaks (D:9)
  2 wyverns
  A fire bat (shapeshifter) (D:9)
  3 hippogriffs
  3 sky beasts
  5 orc warriors
  2 ice beasts
  A necrophage (D:9)
  2 phantoms
  A black bear (D:8)
  4 centaurs
  5 ogres
  6 giant frogs
  2 wyvern skeletons (D:9)
  2 scorpions
  9 killer bees
  3 crimson imps
  A giant frog zombie (D:7)
  5 hounds
  3 orc priests
  2 centaur skeletons (D:10)
  4 jellies
  6 orc wizards
  A giant frog skeleton (D:5)
  Terence (D:2)
  6 iguanas
  3 worker ants
  3 hound zombies
  A hound skeleton (D:7)
  A howler monkey zombie (D:5)
  A gnoll (D:1)
  12 adders
  2 shadow imps
  4 oozes (Sewer)
  An adder skeleton (D:7)
  2 worms
  4 dart slugs
  9 giant geckos
  27 orcs
  2 bat zombies (D:4)
  12 giant cockroaches
  5 goblins
  7 hobgoblins
  11 jackals
  4 quokkas
  17 ball pythons
  8 bats
  11 giant newts
  5 kobolds
  A quokka zombie (D:7)
  12 rats
  A rat zombie (D:4)
254 creatures vanquished.

Notes
Turn   | Place    | Note
--------------------------------------------------------------
     0 | D:1      | Kenran the Hill Orc Fighter began the quest for the Orb.
     0 | D:1      | Reached XP level 1. HP: 19/19 MP: 1/1
    17 | D:1      | Reached skill level 3 in Axes
    72 | D:1      | Reached XP level 2. HP: 26/26 MP: 2/2
   248 | D:1      | Reached skill level 4 in Axes
   306 | D:1      | Reached XP level 3. HP: 28/31 MP: 3/3
   701 | D:1      | Reached skill level 5 in Axes
  1036 | D:2      | Reached XP level 4. HP: 39/39 MP: 4/4
  1248 | D:2      | Reached skill level 6 in Axes
  1308 | D:2      | Noticed Terence
  1334 | D:2      | Killed Terence
  2091 | D:2      | Reached XP level 5. HP: 45/45 MP: 5/5
  2446 | D:3      | Found a glowing drain.
  2514 | Sewer    | Entered a sewer
  2555 | Sewer    | Reached skill level 7 in Axes
  2913 | Sewer    | Reached skill level 8 in Axes
  2913 | Sewer    | Reached XP level 6. HP: 38/51 MP: 6/6
  3340 | D:3      | Reached skill level 9 in Axes
  3805 | D:4      | Found a white marble altar of Elyvilon.
  3808 | D:4      | Found an iron altar of Okawaru.
  3811 | D:4      | Found an oddly glowing altar of Pakellas.
  3891 | D:4      | Reached XP level 7. HP: 32/57 MP: 7/7
  4022 | D:4      | Found a burning altar of Makhleb.
  4099 | D:4      | Found an ancient bone altar of Kikubaaqudgha.
  4254 | D:4      | Reached skill level 10 in Axes
  4278 | D:4      | Found a staircase to the Ecumenical Temple.
  4290 | Temple   | Entered the Ecumenical Temple
  4296 | Temple   | Became a worshipper of the Shining One
  4315 | D:5      | Entered Level 5 of the Dungeon
  4652 | D:5      | Noticed a hippogriff
  4666 | D:5      | Killed a hippogriff
  4666 | D:5      | Reached skill level 11 in Axes
  4865 | D:5      | Reached XP level 8. HP: 38/64 MP: 8/8
  5077 | D:5      | Reached skill level 12 in Axes
  5798 | D:6      | Reached skill level 13 in Axes
  6070 | D:6      | Found a deep blue altar of Sif Muna.
  6746 | D:7      | Reached skill level 14 in Axes
  6746 | D:7      | Reached XP level 9. HP: 49/70 MP: 9/9
  6879 | D:7      | Reached * piety under the Shining One
  6950 | D:7      | Noticed a hill giant
  7163 | D:7      | Reached skill level 5 in Fighting
  7950 | D:8      | Identified Sif Muna's Volume of Icy Dark Rites
  7962 | D:8      | Found a staircase to the Lair.
  8054 | D:8      | Noticed Fv001's ghost (novice GrFi)
  8094 | D:8      | Killed Fv001's ghost
  8094 | D:8      | Reached skill level 10 in Fighting
  8319 | D:8      | Reached XP level 10. HP: 83/93 MP: 10/10
  8606 | D:8      | Reached ** piety under the Shining One
  9253 | D:9      | Found a blossoming altar of Fedhas.
  9869 | D:10     | Entered Level 10 of the Dungeon
 10005 | D:10     | Found a staircase to the Orcish Mines.
 10024 | D:10     | Found a roughly hewn altar of Beogh.
 10549 | D:10     | Got an ichor-stained helmet
 10555 | D:10     | Identified the +1 helmet of Death's Door {Int+9} (You found it on level 10 of the Dungeon)
 10644 | D:10     | Reached skill level 5 in Armour
 10646 | D:10     | Reached XP level 11. HP: 106/106 MP: 11/11
 11606 | Orc:1    | Entered Level 1 of the Orcish Mines
 11615 | Orc:1    | Noticed Maud
 11616 | Orc:1    | Noticed an orc knight
 11636 | Orc:1    | Mangled by Maud

Vault maps used:
D:1:      roderic_dead_forest
D:2:      st_stairs_1, uniq_terence
D:3:      portal_sewer_entry_a, minmay_gold_behind_fungi
D:4:      lemuel_zombie_altar_kikubaaqudgha, grunt_temple_overflow_cloverleaf,
          minmay_temple_entry_butterflies, kennysheep_pointless_box
D:5:      first_bread
D:6:      lemuel_blue_sif_altar, minmay_misc_feat_encased, kennysheep_boxes
D:8:      lair_0_dummy
D:9:      basic_altar
D:10:     minmay_orc_entry_temple_small
Temple:   water_room_temple_a_12
Orc:1:    library_closet, uniq_maurice, uniq_snorg, uniq_maud, uniq_erolcha
Sewer:    sewer_frog_island_02

Skill      XL: |  1  2  3  4  5  6  7  8  9 10 11 |
---------------+----------------------------------+-----
Axes           | 3 4 5 6 8 9 11 14 | 14.2
Fighting       | 10 13 | 13.1
Armour         | 5 7 |  7.0
Shields        | |  3.2

Action                   |  1- 3 |  4- 6 |  7- 9 | 10-12 || total
-------------------------+-------+-------+-------+-------++-------
Melee: War axe           |   112 |   320 |   318 |   192 ||   942
       Battleaxe         |       |       |       |    55 ||    55
  Use: Scroll            |       |       |    12 |     1 ||    13
  Eat: Chunk             |     1 |    10 |     7 |    11 ||    29
       Royal jelly       |       |       |     1 |       ||     1
       Beef jerky        |       |       |     1 |       ||     1
       Meat ration       |       |       |     1 |       ||     1
       Pizza             |       |       |     1 |       ||     1
Armor: Scale mail        |    64 |    35 |       |       ||    99
       Chain mail        |       |   159 |    86 |       ||   245
       Plate armour      |       |       |    76 |   118 ||   194
Dodge: Dodged            |    40 |   104 |    57 |    41 ||   242
Block: Shield            |    60 |   159 |   119 |    77 ||   415
